 Dungeon Crawl Stone Soup version 0.28-a0-1524-ge72afd5fc6 (webtiles) character file.

Game seed: 18187473154350781412

31 shadowrider38 the Skirmisher (level 3, -6/29 HPs)
             Began as a Djinni Fire Elementalist on Jan 17, 2022.
             Was a Follower of Jiyva.
             Mangled by Natasha (11 damage)
             ... on level 1 of the Dungeon.
             The game lasted 00:02:02 (1937 turns).

shadowrider38 the Skirmisher (DjFE)                 Turns: 1937, Time: 00:02:03

Health: -6/29      AC:  3    Str:  9    XL:     3   Next: 40%
Gold:   0          EV: 12    Int: 16    God:    Jiyva [*.....] SH:  0 Dex: 13

rFire   + + .      SeeInvis .   a - +1 dagger (pain)
rCold   x . .      Faith    .   (no shield)
rNeg    . . .      Spirit   .   b - +0 robe
rPois   ∞          Reflect  .   (no helmet)
rElec   .          Harm     .   (no cloak)
rCorr   .          Rampage  .   h - +0 pair of gloves
Will    .....                   (boots unavailable)
Stlth   ++........              (no amulet)
HPRegen 0.89/turn               (no ring)
MPRegen 0.00/turn               (no ring)

@: flying, slowed, very slow
A: sickness immunity, fire resistance 2, cold vulnerability 1, float, innate
caster, hp casting, extra vitality 1
a: Renounce Religion


You were on level 1 of the Dungeon.
You worshipped Jiyva.
Jiyva was aware of your devotion.
You visited 1 branch of the dungeon, and saw 2 of its levels.

Inventory:

Hand Weapons
 a - a +1 dagger of pain (weapon)
Missiles
 c - 9 stones
Armour
 b - a +0 robe (worn)
 h - a +0 pair of gloves (worn)
Scrolls
 d - a scroll of holy word {unknown}
 e - a scroll of noise {unknown}
 f - a scroll of blinking {unknown}
 g - a scroll of enchant armour {unknown}


   Skills:
 + Level 2.8 Fighting
 - Level 2.1 Dodging
 - Level 1.5 Stealth
 - Level 2.4 Spellcasting


You couldn't memorise any spells.
You knew the following spells:

 Your Spells              Type           Power      Damage    Failure   Level
a - Foxfire               Conj/Fire      36%        2x1d5     8%          1
b - Scorch                Fire           18%        2d5       11%         2
c - Conjure Flame         Conj/Fire      9%         6-21      22%         3
d - Inner Flame           Hex/Fire       9%         N/A       22%         3
e - Flame Wave            Conj/Fire      9%         2d4       58%         4
f - Magic Dart            Conj           36%        1d4       8%          1
Your spell library was empty.

Dungeon Overview and Level Annotations

Branches:
Dungeon (2/15)

Altars:
Jiyva

Annotations:
D:1 Natasha, Terence


Innate Abilities, Weirdness & Mutations

You are immune to sickness and miasma.
You are immune to poison.
Your flesh is very heat resistant. (rF++)
You are vulnerable to cold. (rC-)
You float through the air rather than walking.
You learn spells naturally, not from books.
Your magical power is your life essence.
You have superior vitality. (+4 MHP)


Message History

Unknown command.
Casting: Foxfire (safe; 8% risk of failure)
Press: ? - help, Q - select action, (/) - cycle Dir - look around, f - activate You conjure some foxfire!
The foxfire hits the shadow imp.
The shadow imp is moderately wounded.
The foxfire hits the shadow imp.
The shadow imp is heavily wounded.
The foxfire hits Natasha.
Natasha is lightly wounded.
The foxfire hits Natasha but does no damage.
Natasha is lightly wounded.
The shadow imp barely misses you. Natasha casts a spell at you.
You feel as though you will be slow longer.
Casting: Foxfire (safe; 8% risk of failure)
Press: ? - help, Q - select action, (/) - cycle Dir - look around, f - activate You conjure some foxfire!
Natasha misses you. The shadow imp completely misses you.
Unknown command.
Casting: Foxfire (safe; 8% risk of failure)
Press: ? - help, Q - select action, (/) - cycle Dir - look around, f - activate You conjure some foxfire!
Natasha mumbles some strange words.
The shadow imp closely misses you. Natasha closely misses you.
The shadow imp barely misses you.
Your foxfire dissipates!
The foxfire hits Natasha.
Natasha is moderately wounded.
The foxfire hits Natasha.
Natasha is heavily wounded.
Casting: Foxfire (safe; 8% risk of failure)
Press: ? - help, Q - select action, (/) - cycle Dir - look around, f - activate You conjure some foxfire!
Natasha claws you!
* * * LOW HITPOINT WARNING * * *
The shadow imp closely misses you. The shadow imp hits you.
* * * LOW HITPOINT WARNING * * *
Natasha claws you!
You die...

#.....†..# #.#
#.######.###.# #.#
#.....#
#.########.###
#...........# ####
##########..#
#..######### #..#
..P..#....>#####v.#
.♣PP.........)##@v#
♣.♣P♣......##h##h5#
.♣♣♣P......##.##@5#
♣♣♣♣♣).....#.#.#..#
PP♣♣P###....###...#
..P.## #####.#.##.#
.#...# ##.###.#
...#.# #.# #.##
.#...# #.# #).##


You could see Terence, Natasha (strong, ally target), a white imp (summoned) and
a shadow imp (summoned).

Vanquished Creatures
  A dart slug (D:1)
  A ball python (D:1)
  3 endoplasms (D:1)
  2 giant cockroaches (D:1)
  3 goblins (D:1)
  2 hobgoblins (D:1)
  3 kobolds (D:1)
  3 quokkas (D:1)
  2 bats (D:1)
  3 frilled lizards (D:1)
  2 rats (D:1)
25 creatures vanquished.

Vanquished Creatures (collateral kills)
  7 foxfires (D:1)
7 creatures vanquished.

Vanquished Creatures (others)
  67 foxfires (D:1)
  A plant (D:1)
68 creatures vanquished.

Grand Total: 100 creatures vanquished

Notes
Turn   | Place    | Note
-------+----------+-------------------------------------------
     0 | D:1      | shadowrider38 the Djinni Fire Elementalist began the quest
                  | for the Orb.
     0 | D:1      | Reached XP level 1. HP: 15/15 MP: 0/0
    59 | D:1      | Reached skill level 1 in Fighting
   390 | D:1      | Reached XP level 2. HP: 14/22 MP: 0/0
  1225 | D:1      | Found a faded altar of an unknown god.
  1231 | D:1      | Reached XP level 3. HP: 23/29 MP: 0/0
  1231 | D:1      | Learned a level 1 spell: Magic Dart
  1884 | D:1      | Prayed at the altar of an unknown god.
  1884 | D:1      | Became a worshipper of Jiyva Jycki the Shapeless
  1884 | D:1      | Reached * piety under Jiyva
  1919 | D:2      | Noticed Terence
  1919 | D:2      | Noticed Natasha
  1937 | D:1      | Mangled by Natasha

Illustrated notes

Levels and vault maps discovered:
D:1:      minmay_arrival_diagonal_passages, layout_loops_ring, serial_forest,
          infiniplex_forest_end_3, infiniplex_forest_straight_3,
          infiniplex_forest_lined_corner, infiniplex_forest_clump_medium,
          infiniplex_forest_clump_C, infiniplex_forest_lined_corner,
          shapermc_ecumenical_altar_mp_highgroup
D:2:      cheibrodos_helix_gallery, layout_basic, serial_shops,
          nicolae_shop_crystal, uniq_terence, uniq_natasha

Skill      XL: |  1  2 |
---------------+-------+-----
Fighting       | 1 2 |  2.8
Dodging        | |  2.1
Stealth        | |  1.5
Spellcasting   | |  2.4

Action                   || total
-------------------------++-------
Melee: Dagger            ||    50
       Unarmed           ||     6
       Punch             ||     1
 Cast: Foxfire           ||    51
 Stab: Sleeping          ||     1
Armor: Robe              ||    11
Dodge: Dodged            ||    47

Table legend: (Time is in decaauts)
 A = Elapsed time spent in this place.
 B = Non-inter-level travel time spent in this place.
 C = Inter-level travel time spent in this place.
 D = Time resting spent in this place.
 E = Time spent auto-exploring this place.
 F = Levels seen in this place.
 G = Mean time per level.
                   A        B        C        D        E       F      G
               +--------+--------+--------+--------+--------+-----+--------+
         Total |   1941 |   1878 |     63 |    292 |   1343 |   2 |  970.5 |
       Dungeon |   1941 |   1878 |     63 |    292 |   1343 |   2 |  970.5 |
               +--------+--------+--------+--------+--------+-----+--------+

Top non-repeatable levels by time:
     D:1: 1938 daAuts
     D:2: 2 daAuts
